 Dungeon Crawl Stone Soup version 0.21-a0-91-ga5031da (webtiles) character file.

184 Ijustatesigmund the Skirmisher (level 5, 0/76 HPs)
             Began as a Naga Fighter on June 29, 2017.
             Was a Follower of Cheibriados.
             Succumbed to an orc's poison
             ... on level 3 of the Dungeon.
             The game lasted 00:05:05 (2244 turns).

Ijustatesigmund the Skirmisher (Naga Fighter)       Turns: 2244, Time: 00:05:06

Health: 0/76       AC:  6    Str: 26    XL:     5   Next: 63%
Magic:  5/5        EV:  5    Int: 10    God:    Cheibriados [*.....]
Gold:   114        SH:  9    Dex: 11    Spells: 4/4 levels left

rFire    . . .     SeeInvis +   a - +0 flail
rCold    . . .     Gourm    .   c - +0 shield
rNeg     . . .     Faith    .   b - +0 scale mail
rPois    +         Spirit   .   e - +0 helmet
rElec    .         Reflect  .   (no cloak)
rCorr    .         Harm     .   (no gloves)
MR       +....                  (no barding)
Stlth    ..........             (no amulet)
HPRegen  0.22/turn              g - ring of protection from magic
MPRegen  0.09/turn              i - -2 ring of dexterity (curse)

@: berserking (expiring), lethally poisoned (0 -> -16), very slow
A: see invisible, deformed body, poison resistance, slowness 2, slow metabolism
1, spit poison 1, AC +1
a: Spit Poison, Bend Time, Renounce Religion


You were on level 3 of the Dungeon.
You worshipped Cheibriados.
Cheibriados was aware of your devotion.
You were hungry.

You visited 1 branch of the dungeon, and saw 3 of its levels.

You collected 114 gold pieces.

Inventory:

Hand Weapons
 a - a +0 flail (weapon)
Armour
 b - a +0 scale mail (worn)
 c - a +0 shield (worn)
 e - a +0 helmet (worn)
Jewellery
 g - a ring of protection from magic (left hand)
 i - a cursed -2 ring of dexterity (right hand)
 l - a +2 ring of dexterity
 m - a +3 ring of protection {unknown}
Potions
 j - a potion of flight
Comestibles
 f - 3 bread rations
 h - 2 meat rations


   Skills:
 + Level 4.6 Fighting
 * Level 4.4 Maces & Flails
 - Level 2.4 Armour
 - Level 2.4 Shields


You had 4 spell levels left.
You didn't know any spells.

Dungeon Overview and Level Annotations

Branches:
Dungeon (3/15)

Altars:
Cheibriados


Innate Abilities, Weirdness & Mutations

You cannot wear boots.
Your serpentine skin is tough. (AC +1)
You have supernaturally acute eyesight. (SInv)
Armour fits poorly on your strangely shaped body.
Your system is resistant to poisons. (rPois)
You cover ground very slowly.
You have a slow metabolism.
You can spit poison.


Message History

You kill the orc!
Cheibriados appreciates the change of pace.
* * * LOW HITPOINT WARNING * * *
You feel sick. You block the bat's attack. x2
The bat hits you but does no damage.
You hit the bat.
The bat is heavily wounded.
* * * LOW HITPOINT WARNING * * *
You feel sick. You block the bat's attack. The bat barely misses you.
Your shield and scale mail prevent you from hitting the bat.
The bat is heavily wounded.
* * * LOW HITPOINT WARNING * * *
You feel sick. The bat barely misses you. You block the bat's attack.
You miss the bat.
The bat is heavily wounded.
* * * LOW HITPOINT WARNING * * *
You feel sick. You block the bat's attack.
The kobold throws a stone.
The stone hits you but does no damage.
Your shield and scale mail prevent you from hitting the goblin.
You die...

......... .......?.
......... .. ..(.....#
. .. ........# .#.
........# ... ........#
#.# ........### #.#
#.##$..Kg@###.#
#.?.b#)....#
#########..###
#....##### ##.....)<##
##.####..#####
#######.#####......
...##.....#......#.....
#................#....


You could see a goblin, a bat and a kobold.

Vanquished Creatures
  A hound (D:3)
  2 orc wizards (D:3)
  3 adders (D:2)
  3 oozes
  3 worms (D:2)
  A dart slug (D:2)
  An orc (D:3)
  2 giant cockroaches (D:3)
  9 goblins
  6 hobgoblins
  2 jackals (D:1)
  6 kobolds
  A quokka (D:2)
  A ball python (D:2)
  6 bats
  4 frilled lizards
  A rat (D:1)
52 creatures vanquished.

Notes
Turn   | Place    | Note
-------+----------+-------------------------------------------
     0 | D:1      | Ijustatesigmund the Naga Fighter began the quest for the Orb.
     0 | D:1      | Reached XP level 1. HP: 21/21 MP: 1/1
   160 | D:1      | Reached XP level 2. HP: 24/28 MP: 2/2
   728 | D:2      | Reached XP level 3. HP: 9/36 MP: 3/3
  1554 | D:2      | Reached XP level 4. HP: 44/44 MP: 4/4
  1648 | D:2      | Found a snail-covered altar of Cheibriados.
  1652 | D:2      | Became a worshipper of Cheibriados the Contemplative
  2026 | D:3      | Reached XP level 5. HP: 34/51 MP: 5/5
  2224 | D:3      | Reached * piety under Cheibriados
  2242 | D:3      | HP: 2/76 [poisoned by an orc]
  2244 | D:3      | Succumbed to an orc's poison

Vault maps used:
D:1:      minmay_arrival_split_and_join
D:2:      lemuel_upstairs_altar, first_bread, cheibriados_altar_1

Skill      XL: |  1  2  3  4  5 |
---------------+----------------+-----
Fighting       | 4 |  4.6
Maces & Flails | 3 4 |  4.4
Armour         | |  2.4
Shields        | |  2.4

Action                   |  1- 3 |  4- 6 || total
-------------------------+-------+-------++-------
Melee: Flail             |   138 |   103 ||   241
  Use: Scroll            |     4 |     1 ||     5
       Potion            |     2 |     1 ||     3
  Eat: Chunk             |     1 |     2 ||     3
Armor: Scale mail        |    63 |    65 ||   128
Dodge: Dodged            |    27 |    30 ||    57
Block: Shield            |    66 |    54 ||   120
